 Seeded DCSS version 0.30.1-6-gbe392663c4 (webtiles) character file.

Game seed: 920673320228942481 (custom seed)

8 CarvArkoylaein the Trooper (level 2, 27/27 HPs)
             Began as a Hill Orc Fighter on Sept 21, 2023.
             Quit the game on level 1 of the Dungeon.
             The game lasted 00:01:58 (1078 turns).

CarvArkoylaein the Trooper (Hill Orc Fighter)       Turns: 1078, Time: 00:01:59

Health: 27/27      AC:  3    Str: 18    XL:     2   Next: 8%
Magic:  2/2        EV:  9    Int:  8    God:
Gold:   47         SH:  4    Dex: 10    Spells: 1/1 levels left

rFire   . . .        a - +0 war axe
rCold   . . .        c - +0 buckler
rNeg    . . .        b - +0 scale mail
rPois   .            (no helmet)
rElec   .            (no cloak)
rCorr   .            (no gloves)
SInv    +            (no boots)
Will    .....        (no amulet) Stlth
                     (no ring)
HPRegen 0.24/turn    (no ring)
MPRegen 0.08/turn

%: no passive effects
@: no status effects
A: see invisible, deformed body
a: no special abilities


You were on level 1 of the Dungeon.
You visited 1 branch of the dungeon, and saw 1 of its levels.

You collected 47 gold pieces.

Inventory:

Hand Weapons
 a - a +0 war axe (weapon)
Armour
 b - a +0 scale mail (worn)
 c - a +0 buckler (worn)
Jewellery
 h - a ring of wizardry
Scrolls
 i - a scroll of acquirement
 j - a scroll of teleportation {unknown}
 k - a scroll of amnesia {unknown}
 l - a scroll of fog {unknown}
Potions
 d - a potion of might
 e - a potion of cancellation {unknown}
 g - a potion of resistance {unknown}


   Skills:
 + Level 3.9 Fighting
 + Level 2.8 Axes
 + Level 3.4 Armour
 + Level 3.4 Shields


You had one spell level left.
You didn't know any spells.
Your spell library was empty.

Dungeon Overview and Level Annotations

Branches:
Dungeon (1/15)

Altars:


Innate Abilities, Weirdness & Mutations

You have supernaturally acute eyesight. (SInv)
Armour fits poorly on your strangely shaped body.


Message History

There is an open door here.
You open the large door.
There is a large open door here.
There is a large open door here.
As you open the door, it creaks loudly!
No target in view!
There is an open door here.
You see here a rat corpse.
You see here a +0 robe.
k - a scroll labelled ZYEMITRUNA No target in view!
There is an open door here.
There is a large open door here.
There is a large open door here.
There is an open door here.
There is an open door here.
There is an open door here.
Key pressed, stopping explore.
No target in view!
l - a scroll labelled YHOGOIFIEB No target in view!
Done exploring.
No target in view!
Done exploring.
No target in view!
Done exploring.
No target in view!
Done exploring.
No target in view!
Done exploring.
No target in view!
Done exploring.
No target in view!
It was a potion of mutation.
You feel extremely strange.
Your body twists and deforms.
Your vision sharpens.
Sorry, you're not good enough to have a special ability.
This is a scroll of acquirement!
Something appears at your feet! Something appears at your feet!
Are you sure you want to abandon this character and quit the game? (Confirm with "yes".)

#####.###########.##.# #.# #
#.#........##.##.# #.#
#.#.######.##.##.# #.#
#.#.######.......# #.#
#..........##.###########.# #
#...######.#..............# ##
#......# #.#..##############
.## #....#.#
#.#..#............# ..#
#....#.# #..@.#.########.###
#.###..###.# ###.##.# #†#
#..........# #.##.# #.#
#'#....#########.##.# #.#
.......# #.....#.##.# #.#
....#.## #.....#.##.# #.#
......####.....#.##.########.#
...#...........#.##.#........#
...#...###.#####.##.#.########


There were no monsters in sight!

Vanquished Creatures
  A dart slug (D:1)
  A goblin (D:1)
  3 ball pythons (D:1)
  A bat (D:1)
  A rat (D:1)
7 creatures vanquished.

Notes
Turn   | Place    | Note
-------+----------+-------------------------------------------
     0 | D:1      | CarvArkoylaein the Hill Orc Fighter began the quest for the
                  | Orb.
     0 | D:1      | Reached XP level 1. HP: 19/19 MP: 1/1
   756 | D:1      | Reached XP level 2. HP: 25/27 MP: 2/2
  1066 | D:1      | Gained mutation: Armour fits poorly on your strangely
                  | shaped body. [potion of mutation]
  1066 | D:1      | Gained mutation: You have supernaturally acute eyesight.
                  | (SInv) [potion of mutation]
  1076 | D:1      | Identified 3 scrolls of acquirement
  1076 | D:1      | Acquired 792 gold pieces
  1077 | D:1      | Acquired the amulet "Xoamonnu" {Reflect rC+ Will+ Slay+3
                  | SH+5}
  1078 | D:1      | Quit the game

Illustrated notes

Levels and vault maps discovered:
D:1:      dpeg_arrival_orchard, layout_basic

Action                     || total
---------------------------++-------
  Melee: War axe           ||    16
    Use: Scroll            ||     2
         Potion            ||     1
 Armour: Scale mail        ||     8
  Dodge: Dodged            ||     8
  Block: Buckler           ||     1
